AoeStats
← kkkg

Hideout

507264592Analyzed
1v1 RM · 15d ago on Sep 17, 2026· 63m 3s· 2 players
Game mode
Random Map
Map size
Tiny (2 player)
Population
200
Speed
Normal
Resources
Standard
Victory
Conquest
Starting age
Dark Age
Ending age
Imperial Age
RankedLock teamsTeams togetherTeam positionsShared explorationLock speedFull tech treeHidden civsTurbo modeCheats
Victory
Defeat
🇻🇳 Sicilians · Vietnam
896
+18
🇨🇳 Burgundians · China
932
-18
nguyenthanhsang.a750
0:27 Loom
12:50 Feudal Age
13:25 Stone Mining
13:24 Double-Bit Axe
13:34 Gold Mining
19:34 Fletching
25:34 Castle Age
23:54 Scale Mail Armor
25:43 Wheelbarrow
25:26 Forging
26:26 Bodkin Arrow
27:28 Chain Mail Armor
28:44 Hand Cart
31:11 Bow Saw
30:44 Horse Collar
34:41 Iron Casting
34:53 Murder Holes
38:16 Ballistics
38:35 Scale Barding Armor
39:08 Masonry
40:00 Squires
43:54 Imperial Age
41:18 Elite Skirmisher
41:46 Crossbowman
41:47 Elite Skirmisher
42:15 Arson
43:23 Padded Archer Armor
45:01 Heavy Plow
46:36 Chemistry
46:27 Husbandry
46:49 Pikeman
48:03 Arrowslits
48:24 Siege Engineers
48:11 Pikeman
48:57 Bracer
51:53 First Crusade
53:50 Halberdier
55:31 Leather Archer Armor
55:47 Plate Mail Armor
56:18 Blast Furnace
56:59 Crop Rotation
57:19 Bloodlines
59:19 Chain Barding Armor
kkkg
9:56 Feudal Age
13:01 Double-Bit Axe
15:59 Castle Age
13:53 Horse Collar
14:37 Bow Saw
18:20 Two-Man Saw
21:56 Wheelbarrow
22:44 Loom
23:31 Gold Mining
23:32 Stone Mining
27:35 Fletching
31:19 Hand Cart
31:24 Burgundian Vineyards
31:50 Bodkin Arrow
35:39 Imperial Age
34:05 Town Watch
34:51 Guilds
37:27 Conscription
38:15 Scale Barding Armor
38:21 Forging
42:17 Chain Barding Armor
44:15 Ballistics
44:39 Plate Barding Armor
44:40 Iron Casting
44:36 Elite Coustillier
46:38 Heavy Plow
47:27 Guilds
51:07 Blast Furnace
50:39 Elite Skirmisher
51:36 Bracer
51:37 Padded Archer Armor
59:15 Chemistry
60:13 Squires
59:34 Pikeman
62:06 Halberdier
Connection lost

Rejoining the realm…

Still unreachable

The connection could not be restored.

Session expired

The server has moved on; the page needs a fresh start.